Unix NetHack Version 3.7.0-102 Work-in-progress - last build Apr 6 2024 13:22:21 (d302a6a9ff6341f1a922d8f5af178406b35fdf99,branch:master). Game began 2024-04-21 18:02:19, ended 2024-04-26 15:58:22. XYS, chaotic female elven Wizard A ' --------- A |.'.....| @ |...@...| A A @ |...@...| A A |.......| @ @ D A | |.......| | @ @ @@ & A |. ----.---- @| @ @ @ @ @ @ |..@@.a.A.A...| & @ A A @ @ A D A ---AA@@aa...--- A A@@ A@@ @ @ @ -----.----- A a.A@..-- L @ ----- A..@aD@.- B @ U A A .....| ...a.... @ -..Y-- .....q..- D A |.U..--..a&...- A A B ---..@----A--- 'A B A |..H.....A.. @ ----------- XYS the Sorceress St:18 Dx:21 Co:16 In:20 Wi:20 Ch:17 Chaotic S:626166 Astral Plane $:0 HP:140(238) Pw:293(293) AC:-44 Xp:19/2578010 T:43041 Latest messages: The Angel of Moloch points at you, then curses. The Angel of Thoth zaps you with a magic missile! The magic missile whizzes by you! The magic missile hits the priestess of Anhur! The magic missile misses the Angel of Ptah. The magic missile hits the priestess of Thoth! The Angel of Thoth zaps a wand of fire! The bolt of fire whizzes by you! The priestess of Anhur's robe smoulders! The bolt of fire hits the priestess of Anhur! The bolt of fire misses the Angel of Ptah. The Angel of Ptah wields a long sword! You hear a chugging sound. What do you want to zap? In what direction? k The door is razed! A yellow dragon suddenly appears close by! You hear some noises in the distance. The Angel of Thoth zaps you with a magic missile! The magic missile whizzes by you! The magic missile hits the Angel of Ptah. "I've met smarter (and prettier) acid blobs." The priestess of Thoth casts a spell! The priestess of Thoth summons insects! The renegade priest of Anhur wields a mace! The mace welds itself to the renegade priest of Anhur's hand! The Angel of Moloch points at you, then curses. You kill the soldier ant! The captain vanishes. The invisible Famine rises from the dead in a ring of withered crops! The high priestess intones: "Pilgrim, you enter a sacred place!" The killer bee misses! The Angel of Moloch points at you, then curses. The Angel of Moloch points at you, then curses. You hear a mumbled curse. Pick an object. _ an iron chain or an altar (chaotic high altar) There is a high altar to Anhur (chaotic) here. What do you want to sacrifice? You offer the Amulet of Yendor to Anhur... An invisible choir sings, and you are bathed in radiance... The voice of Anhur booms: "Mortal, thou hast done well!" "In return for thy service, I grant thee the gift of Immortality!" You ascend to the status of Demigoddess... Do you want your possessions identified? [ynq] (y) y Do you want to see your attributes? [ynq] (y) y Do you want an account of creatures vanquished? [ynaq] (y) y Do you want to see your conduct and achievements? [ynq] (y) y Do you want to see the dungeon overview? [ynq] (y) y Inventory: Amulets D - a blessed amulet of life saving (being worn) P - a blessed amulet of life saving F - an uncursed amulet of reflection A - the blessed Eye of the Aethiopica Weapons c - the blessed rustproof +6 Magicbane (weapon in right hand) Armor C - a blessed greased fireproof +6 elven leather helm (being worn) X - a blessed fireproof +3 pair of gauntlets of dexterity (being worn) G - a blessed fireproof +4 pair of speed boots (being worn) N - a blessed fireproof +3 small shield (being worn) U - a blessed fireproof +4 cloak of magic resistance (being worn) e - a blessed fireproof +3 T-shirt with text "Minetown Better Business Bureau" (being worn) I - a blessed +5 silver dragon scale mail named pois,cold,fire (being worn) Comestibles V - an uncursed lizard corpse Scrolls h - a blessed scroll of teleportation Spellbooks f - the uncursed Book of the Dead Rings H - a blessed ring of conflict M - a blessed ring of free action (on left hand) l - a blessed ring of levitation q - a blessed ring of shock resistance m - a blessed ring of slow digestion (on right hand) Wands B - a blessed wand of death (0:6) i - a wand of digging (1:4) j - a wand of digging (0:3) J - a wand of digging (0:3) Z - a wand of teleportation (1:6) S - a wand of teleportation (1:4) Tools b - a blessed bag of holding containing 23 items o - a blessed oilskin sack containing 7 items d - a blessed drum of earthquake (0:6) r - a blessed tooled horn L - the blessed Bell of Opening (0:2) y - the blessed Candelabrum of Invocation (7 of 7 candles attached) w - a blessed magic whistle a - a blessed oil lamp (lit) k - a blessed skeleton key s - a blessed stethoscope t - a blessed towel u - a blessed +0 unicorn horn Gems/Stones O - a blessed luckstone Contents of the bag of holding: a blessed +0 green dragon scale mail 3 uncursed food rations 10 uncursed K-rations an uncursed lembas wafer 5 uncursed scrolls of blank paper 5 uncursed potions of paralysis 5 potions of holy water 4 potions of unholy water a wand of digging (0:8) a wand of digging (0:8) a wand of digging (0:8) a wand of digging (1:8) a wand of digging (0:8) a wand of digging (0:8) a wand of digging (0:7) a wand of fire (0:6) a wand of polymorph (0:0) a wand of teleportation (0:8) a wand of teleportation (0:8) a blessed wand of wishing (1:2) a can of grease (0:4) a magic marker (0:45) a magic marker (0:31) Contents of the oilskin sack: 10 blessed scrolls of blank paper a cursed scroll of blank paper a blessed scroll of charging 4 blessed scrolls of remove curse 2 blessed scrolls of scare monster 5 blessed potions of full healing a wand of cancellation (1:4) XYS the Wizard's attributes: Background: You were a Sorceress, a level 19 female elven Wizard. You were chaotic, on a mission for Anhur who was opposed by Ptah (lawful) and Thoth (neutral). You were right-handed. You were in the endgame, on the Astral Plane. You entered the dungeon 43041 turns ago. You had 2578010 experience points, 2541990 more were needed for level 20. Your score was 626166 before end-of-game adjustments. Basics: You had 140 out of 238 hit points. You had all 293 energy points (spell power). Your armor class was -44. Your wallet was empty. Autopickup was off. Final Characteristics: Your strength was 18 (limit:18). Your dexterity was 21 (base:18, innate limit:18). Your constitution was 16 (limit:16). Your intelligence was 20 (limit:20). Your wisdom was 20 (limit:20). Your charisma was 17 (limit:18). Final Status: You weren't hungry. You were unencumbered. You were wielding a dagger. You had expert skill with dagger. Final Attributes: You were the Glory of Arioch. You were piously aligned. You were magic-protected. You were fire resistant. You were cold resistant. You were sleep resistant. You were shock resistant. You were poison resistant. You saw invisible. You were telepathic. You were warned. You had infravision. You were sensing the presence of monsters. You were invisible to others. You were stealthy. You had teleport control. You had slower digestion. You had a large defense bonus (+12). You were warded. You took half spell damage. You were very fast. You had reflection. You had free action. Your life would have been saved. You were extremely lucky. You had extra luck. Good luck did not time out for you. You survived. Miscellaneous: You never encountered a bones level. Total elapsed playing time was 21 hours, 20 minutes and 25 seconds. Major events: Turn 1: XYS the chaotic female elven Wizard entered the dungeon 812: entered the Gnomish Mines 1254: attained the rank of Conjurer (level 3) 2626: attained the rank of Thaumaturge (level 6) 3798: reached Mine Town 5622: made her first wish - "blessed greased +2 silver dragon scale mail", got "a greased silver dragon scale mail" 9734: acquired the Mines' End luckstone 10469: Tjisolok, the delicatessen proprietor, has been killed 10883: Lapu, the hardware store proprietor, has been killed 11500: entered Sokoban 11704: completed 1st Sokoban level 12158: completed 2nd Sokoban level 12597: completed 3rd Sokoban level 13500: completed 4th Sokoban level 13984: attained the rank of Magician (level 10) 13996: acquired the Sokoban bag of holding 14820: Kopasker, the general store proprietrix, has been killed 15168: Kipawa, the general store proprietor, has been killed 15477: Hebiwerie, the general store proprietor, has been killed 15848: Izchak, the lighting store proprietor, has been killed 15902: Tuktoyaktuk, the general store proprietrix, has been killed 16897: Cazelon, the antique weapons outlet proprietor, has been killed 16913: Zonguldak, the used armor dealership proprietrix, has been killed 21639: killed Medusa 25620: was bestowed with Magicbane by Anhur 25696: attained the rank of Enchantress (level 14) 27409: found the Eye of the Aethiopica carried by a monster 27409: the Dark One has been killed 27411: acquired the Bell of Opening 27885: Sipaliwini, the general store proprietrix, has been killed 28158: Elm, the liquor emporium proprietrix, has been killed 30215: found Trollsbane carried by a monster 30439: entered Gehennom 31884: wished for "blessed greased fixed +3 speed boots", got "a greased pair of mud boots" 32100: wished for "magic marker", got "a magic marker" 32551: attained the rank of Sorceress (level 18) 32832: was chosen to take lives for the Glory of Anhur 32832: was bestowed with spellbook of finger of death 33269: Yeenoghu has been killed 34019: was bestowed with Ogresmasher by Anhur 35692: killed Juiblex 35837: bribed Asmodeus with 189 zorkmids for safe passage 36044: bribed Baalzebub with 306 zorkmids for safe passage 37201: killed Orcus 39870: destroyed Vlad the Impaler 39871: acquired the Candelabrum of Invocation 40398: wished for "blessed ring of free action", got "a pearl ring" 40604: wished for "blessed drum of earthquake", got "a drum" 40608: killed the Wizard of Yendor 40625: acquired the Book of the Dead 40678: performed the invocation 40793: killed the high priestess of Moloch 40794: acquired The Amulet of Yendor 41204: killed the Wizard of Yendor (2nd time) 42270: killed the Wizard of Yendor (3rd time) 42858: entered the Elemental Planes 42858: entered Plane of Earth 42874: entered Plane of Air 42913: entered Plane of Fire 42959: entered Plane of Water 43016: entered the Astral Plane 43027: killed Famine 43041: ascended Vanquished creatures: Orcus Yeenoghu an erinys Juiblex the Wizard of Yendor (4 times) Famine Vlad the Impaler an arch-lich a high cleric Medusa 2 iron golems 12 master liches a ki-rin 3 storm giants 2 glass golems 6 balrogs 6 purple worms a gold dragon 4 silver dragons 6 red dragons 3 white dragons 6 orange dragons a blue dragon a green dragon 2 yellow dragons 27 minotaurs 2 jabberwocks the Dark One 10 baluchitheria 7 demiliches 3 master mind flayers 2 Olog-hai a Nazgul 8 pit fiends 3 sandestins a hell hound 5 displacer beasts 5 titanotheres 3 trappers a baby gray dragon a baby red dragon a baby blue dragon 6 guardian nagas 7 genetic engineers 8 disenchanters 16 vampire leaders 7 skeletons 11 shopkeepers a guard 2 prisoners 8 aligned clerics 7 captains 6 shades 4 liches 2 water trolls 6 nurses 5 ice devils 9 nalfeshnees 2 lurkers above 4 Aleaxes 2 frost giants 6 ettins a golden naga 8 black puddings 20 vampires 6 lieutenants a watch captain 34 ghosts 3 queen bees 4 winged gargoyles 2 mind flayers 6 giant mimics 4 long worms 8 zruties 9 fire giants 11 ogre tyrants 2 ice trolls 7 rock trolls 6 umber hulks 9 flesh golems 7 elven monarchs a doppelganger 4 hezrous 12 bone devils 6 large mimics 5 wumpuses 4 fire vortices 8 couatls 12 stalkers 6 air elementals 7 fire elementals 3 earth elementals 3 water elementals 2 hill giants 2 giant mummies 2 black nagas 25 xorns 12 giant zombies 7 elf-nobles 9 sergeants 10 barbed devils 9 vrocks 2 salamanders 14 wargs 4 winter wolves 13 hell hound pups 23 small mimics 2 warhorses 3 steam vortices 7 xans 3 ettin mummies 2 ogre leaders 6 quantum mechanics 7 trolls 4 sasquatches 3 wood golems 4 mariliths 3 sharks an electric eel 7 gelatinous cubes 6 pyrolisks 5 large dogs 4 freezing spheres 9 flaming spheres 4 shocking spheres 2 large cats 2 tigers 10 gargoyles 3 dwarf rulers 13 tengu 6 ochre jellies 4 leocrottas 2 energy vortices 7 mountain centaurs 4 stone giants 4 elf mummies 9 human mummies 3 red nagas 3 green slimes 2 pythons 2 pit vipers 4 cobras 36 wraiths 10 carnivorous apes 14 ettin zombies 2 leather golems 8 Grey-elves 45 soldiers 3 watchmen 6 amorous demons 14 horned devils 6 chameleons 2 crocodiles 20 giant beetles 6 quivering blobs 18 cockatrices 18 wolves 14 winter wolf cubs 4 lynxes 5 panthers 5 gremlins 5 spotted jellies 80 leprechauns 5 orc-captains 4 iron piercers 4 mumakil 11 giant spiders 6 scorpions 5 horses an ice vortex 9 black lights 66 vampire bats 4 forest centaurs 7 gnome rulers 2 orc mummies 4 dwarf mummies 2 ogres 7 brown puddings 12 rust monsters 12 owlbears 6 yetis a gold golem 5 werewolves 3 Green-elves 5 giant eels 12 lizards 10 chickatrices 5 dingoes 2 dogs 2 housecats 10 jaguars 5 dwarf leaders 6 blue jellies 2 white unicorns 3 gray unicorns 2 black unicorns 6 dust vortices 15 ravens 8 plains centaurs 3 gnome mummies 8 snakes 6 water moccasins 13 apes 25 human zombies a rope golem 8 Woodland-elves 18 soldier ants 11 fire ants 9 bugbears 12 imps 3 lemures 14 quasits 8 wood nymphs 6 water nymphs 5 mountain nymphs 16 Mordor orcs 8 Uruk-hai 5 orc shamans 4 rock piercers 2 rock moles 5 ponies 8 fog clouds 11 yellow lights 2 shriekers 5 violet fungi 25 gnome leaders 10 gnomish wizards 7 kobold mummies a golden naga hatchling 5 gray oozes 5 barrow wights 16 elf zombies 14 ghouls 4 straw golems 2 paper golems 2 jellyfish 33 giant ants 3 little dogs 19 floating eyes 5 kittens 25 dwarves 7 homunculi 4 kobold leaders 4 kobold shamans 30 hill orcs 27 rothes 3 rabid rats a centipede 17 giant bats 2 monkeys 21 orc zombies 18 dwarf zombies 2 wererats 3 werejackals 9 iguanas 51 killer bees 21 acid blobs 6 coyotes a gas spore 8 hobbits 42 manes 2 large kobolds 9 hobgoblins 6 giant rats 16 cave spiders 6 brown molds 6 yellow molds 4 green molds 2 red molds 71 gnomes 2 garter snakes 13 gnome zombies 14 geckos 11 jackals 3 foxes 2 kobolds 8 goblins 13 grid bugs 17 bats 8 lichens 16 kobold zombies 17 newts 2287 creatures vanquished. No species were genocided or became extinct. Voluntary challenges: You read items or engraved 131 times. You engraved Elbereth 1 time. You never genocided any monsters. You never changed form. You used 5 wishes. You did not wish for any artifacts. You did not violate any of the special Sokoban rules. Achievements: You entered a shop. You entered the Gnomish Mines. You attained the rank of Conjurer. You attained the rank of Thaumaturge. You entered Minetown. You entered a temple. You completed the Gnomish Mines. You entered Sokoban. You attained the rank of Magician. You completed Sokoban. You defeated Medusa. You attained the rank of Enchantress. You had the Bell of Opening. You learned the tune to open and close the Castle's drawbridge. You entered Gehennom. You attained the rank of Sorceress. You had the Candelabrum of Invocation. You had the Book of the Dead. You gained access to Moloch's Sanctum. You reached the Elemental Planes. You reached the Astral Plane. You delivered the Amulet of Yendor. You ascended! The Elemental Planes: Astral Plane: <- You are here. A temple and an altar to Anhur. Plane of Water: Plane of Fire: Plane of Air: Plane of Earth: The Dungeons of Doom: levels 1 to 29 Level 1: "vault" A fountain, a sink. One way stairs up to The Elemental Planes. Level 2: Level 3: "stash" A fountain, a sink. Stairs down to The Gnomish Mines. Level 4: An untended shop, a fountain. Level 5: An altar to Anhur, a fountain, a grave. Level 6: "vault" Some fountains. Level 7: An altar, a fountain. Level 8: Many fountains. Oracle of Delphi. Level 9: Stairs up to Sokoban, level 8. Level 10: A fountain, a sink. Level 11: Level 12: A temple and an altar to Anhur. Level 13: A fountain. Level 14: A throne, a fountain. Level 15: Portal to The Quest. Level 16: A sink. Level 17: A primitive area. Level 18: A throne, a fountain. Level 19: Some fountains. Level 20: Some graves. Level 21: An altar. Level 22: "vault" Level 23: A fountain. Level 24: A grave. Level 25: Level 26: Level 27: Level 28: Level 29: A throne, a fountain. The castle (play notes "EECED" to open or close drawbridge). Connection to Gehennom. Gehennom: levels 30 to 52 Level 30: A temple and an altar, many graves. Valley of the Dead. Level 31: Level 32: Level 33: Some fountains. Level 34: Level 35: Level 36: Level 37: Level 38: Stairs up to Vlad's Tower, level 37. Level 39: Level 40: Level 41: Level 42: Level 43: Level 44: An altar, many graves. Level 45: Level 46: Level 47: Level 48: Level 49: Level 50: Level 51: Level 52: A temple and an altar, many graves. Moloch's Sanctum. The Gnomish Mines: levels 4 to 11 Level 4: Level 5: Level 6: Level 7: A temple and an altar, some fountains, some trees. Level 8: Level 9: Level 10: Level 11: The Quest: levels 1 to 6 Level 1: A throne. Completed quest for Neferet the Green. Level 2: Level 3: Level 4: Level 5: Level 6: A temple and an altar to Anhur. Sokoban: levels 8 up to 5 Level 5: Solved. Level 6: Solved. Level 7: Solved. Level 8: Solved. Vlad's Tower: levels 37 up to 35 Level 35: A throne. Level 36: Level 37: Goodbye XYS the Demigoddess... You went to your reward with 1321532 points, Magicbane (worth 3500 zorkmids and 8750 points) The Book of the Dead (worth 10000 zorkmids and 25000 points) The Candelabrum of Invocation (worth 5000 zorkmids and 12500 points) The Eye of the Aethiopica (worth 4000 zorkmids and 10000 points) The Bell of Opening (worth 5000 zorkmids and 12500 points) 2 amulets of life saving (worth 300 zorkmids), 1 amulet of reflection (worth 150 zorkmids), and 0 pieces of gold, after 43041 moves. You were level 19 with a maximum of 238 hit points when you ascended.